 Dungeon Crawl Stone Soup version 0.24-a0-217-g1152973720 (webtiles) character file.

Game seed: 3345024835339604857

108 Redear the Magician (level 4, -2/30 HPs)
             Began as a Mummy Wizard on Mar 30, 2019.
             Slain by a centaur skeleton (5 damage)
             ... on level 7 of the Dungeon.
             The game lasted 00:10:28 (3060 turns).

Redear the Magician (Mummy Wizard)                  Turns: 3060, Time: 00:10:28

Health: -2/30      AC:  2    Str: 10    XL:     4   Next: 58%
Magic:  11/11      EV: 12    Int: 18    God:
Gold:   46         SH:  0    Dex: 10    Spells: 6/13 levels left

rFire    x . .     SeeInvis .   d - +0 whip
rCold    + . .     Gourm    .   (no shield)
rNeg     + + +     Faith    .   a - +0 robe
rPois    ∞         Spirit   .   l - +0 hat
rElec    .         Reflect  .   (no cloak)
rCorr    .         Harm     .   (no gloves)
MR       +....                  (no boots)
Stlth    ++........             (no amulet)
HPRegen  0.10/turn              M - ring of protection from magic
MPRegen  0.12/turn              (no ring)

@: no status effects
A: no food or potions, fire vulnerability, cold resistance 1, negative energy
resistance 3, torment resistance, unbreathing
a: no special abilities


You were on level 7 of the Dungeon.
You were not hungry.

You visited 2 branches of the dungeon, and saw 6 of its levels.

You collected 46 gold pieces.

Inventory:

Hand Weapons
 b - a +0 blowgun
 c - a +0 club
 d - a +0 whip (weapon)
 m - a +2 hand axe of chopping
Missiles
 g - 6 needles of sleeping
 h - 32 poisoned needles
 Q - 15 stones (quivered)
Armour
 a - a +0 robe (worn)
 l - a +0 hat (worn)
Jewellery
 M - a ring of protection from magic (left hand)
Wands
 k - a wand of polymorph (5)
Scrolls
 f - a scroll of magic mapping {!r}
 j - a scroll of amnesia


   Skills:
 - Level 1.5 Dodging
 - Level 1.5 Stealth
 - Level 5.3 Spellcasting
 + Level 1.4 Conjurations
 + Level 1.2 Hexes
 + Level 1.4 Summonings
 + Level 1.5 Translocations


You had 6 spell levels left.
You knew the following spells:

 Your Spells              Type           Power        Failure   Level  Hunger
a - Magic Dart            Conj           #...         7%          1    N/A
b - Blink                 Tloc           N/A          11%         2    N/A
c - Call Imp              Summ           #.......     11%         2    N/A
s - Slow                  Hex            #.......     12%         2    N/A

Your spell library contained the following spells:

 Spells                   Type           Power        Failure   Level  Hunger
 Searing Ray              Conj           #.....       11%         2    N/A
 Dazzling Spray           Conj/Hex       #.....       22%         3    N/A
 Conjure Flame            Conj/Fire      #.......     28%         3    N/A
 Mephitic Cloud           Conj/Pois/Air  #.......     32%         3    N/A
 Force Lance              Conj/Tloc      ##......     56%         4    N/A
 Iskenderun's Mystic Bla  Conj           #.......     56%         4    N/A
 Fulminant Prism          Conj/Hex       #.........   58%         4    N/A

Dungeon Overview and Level Annotations

Branches:
Dungeon (7/15)             Temple (1/1) D:7

Altars:
Cheibriados
Dithmenos
Elyvilon
Fedhas
Hepliaklqana
Makhleb
Nemelex Xobeh
Okawaru
Qazlal
Ru
Sif Muna
Uskayaw
Vehumet
Yredelemnul
Zin
The Shining One

Annotations:
D:2 Sigmund
D:6 Prince Ribbit
D:7 Pikel


Innate Abilities, Weirdness & Mutations

You do not eat or drink.
Your flesh is vulnerable to fire.
You are immune to poison.
Your flesh is cold resistant. (rC+)
You are immune to negative energy. (rN+++)
You are immune to unholy pain and torment.
You can survive without breathing.


Message History

You take 6 damage, and have 14/30 hp.
There are no items here.
The bullfrog skeleton hits you.
* * * LOW HITPOINT WARNING * * *
You take 4 damage, and have 10/30 hp.
The bullfrog skeleton hits you.
* * * LOW HITPOINT WARNING * * *
You take 2 damage, and have 8/30 hp.
The bullfrog skeleton hits you.
* * * LOW HITPOINT WARNING * * *
You take 6 damage, and have 2/30 hp.
You open the door.
The bullfrog skeleton barely misses you.
The ice beast completely misses you.
The bullfrog skeleton hits you but does no damage.
There is an open door here.
A centaur skeleton comes into view.
The bullfrog skeleton closely misses you.
The centaur skeleton hits you.
You die...

# #.. ######### .
#....#########.......###
#.....Z@Z.Yp.'......!...
#....#########.......# #
#?. #.......# # #
#.......# # #.......###
#.......... #####......
#..!... #......


You could see an ice beast, a slave, a bullfrog skeleton and a centaur skeleton.

Levels and vault maps discovered:
D:1:      matt_arrival_grand_opening, layout_loops_ring,
          minmay_misc_feat_nine_boxes
D:2:      minmay_razor_zed, layout_rooms, first_ration, hex_medium,
          item_on_display_a, uniq_sigmund, uniq_crazy_yiuf_cottage
D:3:      layout_loops_cross, lemuel_doored_altar, minmay_misc_feat_rugged,
          uniq_robin
D:6:      layout_cave_pools, bloody_trog, uniq_prince_ribbit1, uniq_eustachio,
          uniq_edmund
D:7:      layout_basic, kennysheep_mini, temple_fountains,
          lemuel_another_geyser, uniq_menkaure, uniq_pikel
Temple:   eino_temple_scatter_basement

Notes
Turn   | Place    | Note
-------+----------+-------------------------------------------
     0 | D:1      | Redear the Mummy Wizard began the quest for the Orb.
     0 | D:1      | Reached XP level 1. HP: 13/13 MP: 5/5
    14 | D:1      | Identified a +0 club
   266 | D:1      | Reached XP level 2. HP: 18/19 MP: 2/7
   296 | D:1      | Identified a +0 club
   313 | D:1      | HP: 2/19 [hobgoblin/+0 club (6)]
   615 | D:1      | Identified a +0 short sword
   625 | D:1      | Reached skill level 5 in Spellcasting
   790 | D:1      | Identified a +0 club
   935 | D:1      | Learned a level 2 spell: Blink
   938 | D:1      | Learned a level 2 spell: Call Imp
   941 | D:1      | Learned a level 2 spell: Slow
  1020 | D:1      | Reached XP level 3. HP: 24/24 MP: 7/9
  1158 | D:2      | Identified a +0 scythe
  1158 | D:2      | Identified a +0 robe
  1158 | D:2      | Noticed Sigmund
  1159 | D:2      | Identified a +0 halberd
  1198 | D:2      | Identified a +0 spear
  1314 | D:2      | Identified a +0 club
  1315 | D:2      | Identified a +0 whip
  1320 | D:2      | Identified a +0 dagger
  1323 | D:2      | Reached skill level 1 in Conjurations
  1327 | D:2      | Reached skill level 1 in Summonings
  1327 | D:2      | Reached skill level 1 in Translocations
  1355 | D:2      | Identified a +0 club
  1355 | D:2      | Identified a +0 leather armour
  1364 | D:2      | HP: 6/24 [orc/+0 club (5)]
  1385 | D:1      | HP: 5/24 [orc/+0 club (3)]
  1632 | D:2      | Identified a cursed +0 club
  1724 | D:2      | Reached XP level 4. HP: 21/30 MP: 2/11
  2258 | D:3      | Reached skill level 1 in Hexes
  2356 | D:3      | Identified a ring of protection from magic (You found it on
                  | level 3 of the Dungeon)
  2372 | D:3      | Identified a cursed -1 whip
  2372 | D:3      | Identified a +0 flail
  2400 | D:3      | Identified a +0 club
  2431 | D:3      | HP: 2/30 [gnoll/+0 flail (9)]
  2722 | D:3      | Identified a +0 short sword
  2722 | D:3      | Identified a +0 blowgun
  2722 | D:3      | Identified a +0 ring mail
  2786 | D:3      | You fall through a shaft for 3 floors!
  2787 | D:6      | Noticed Prince Ribbit
  2790 | D:7      | Identified a +2 whip of freezing
  2790 | D:7      | Identified a cursed +0 robe
  2790 | D:7      | Noticed Pikel
  2790 | D:7      | Identified a +0 animal skin
  2790 | D:7      | Noticed a slave
  2790 | D:7      | Identified a +0 animal skin
  2790 | D:7      | Noticed a slave
  2790 | D:7      | Identified a +0 animal skin
  2790 | D:7      | Noticed a slave
  2790 | D:7      | Identified a cursed +0 animal skin
  2790 | D:7      | Noticed a slave
  2800 | D:7      | Noticed an ice beast
  2821 | D:7      | Found a staircase to the Ecumenical Temple.
  2830 | Temple   | Entered the Ecumenical Temple
  3010 | Temple   | Identified 3 scrolls of identify
  3010 | Temple   | Identified a scroll of amnesia
  3011 | Temple   | Identified a scroll of fear
  3012 | Temple   | Identified a scroll of magic mapping
  3051 | D:7      | HP: 2/30 [bullfrog skeleton (6)]
  3060 | D:7      | Slain by a centaur skeleton

Table legend:
 A = Turns spent in this place as a percentage of turns spent in the entire game.
 B = Non-inter-level travel turns spent in this place as a percentage of non-inter-level travel turns spent in the entire game.
 C = Inter-level travel turns spent in this place as a percentage of turns spent in this place.
 D = Turns resting spent in this place as a percentage of non-inter-level travel turns spent in this place.
 E = Turns spent auto-exploring this place as a percentage of non-inter-level travel turns spent in this place.
 F = Non-inter-level travel turns spent in this place divided by the number of levels of this place that you've seen.
                   A       B       C       D       E      F
               +-------+-------+-------+-------+-------+----------------------
         Total | 100.0 | 100.0 |   6.7 |  42.0 |  29.3 | 476.0
       Dungeon |  94.0 |  94.2 |   6.5 |  44.6 |  25.2 | 538.0
        Temple |   6.0 |   5.8 |   9.8 |   0.0 |  95.8 | 166.0
               +-------+-------+-------+-------+-------+----------------------

Table legend:
 A = Kills in this place as a percentage of kills in entire the game.
 B = Kills by you in this place as a percentage of kills by you in the entire game.
 C = Kills by friends in this place as a percentage of kills by friends in the entire game.
 D = Other kills in this place as a percentage of other kills in the entire game.
 E = Experience gained in this place as a percentage of experience gained in the entire game.
 F = Experience gained in this place divided by the number of levels of this place that you have seen.
                   A       B       C       D       E      F
               +-------+-------+-------+-------+-------+----------------------
         Total | 100.0 | 100.0 | 100.0 |   N/A | 100.0 |  25.8
       Dungeon | 100.0 | 100.0 | 100.0 |   N/A | 100.0 |  31.0
               +-------+-------+-------+-------+-------+----------------------

Skill      XL: |  1  2  3  4 |
---------------+-------------+-----
Spellcasting   | 5 |  5.3
Conjurations   | 1 |  1.4
Summonings     | 1 |  1.4
Translocations | 1 |  1.5
Hexes          | 1 |  1.2
Dodging        | |  1.5
Stealth        | |  1.5

Action                   |  1- 3 |  4- 6 || total
-------------------------+-------+-------++-------
Melee: Club              |    49 |       ||    49
       Unarmed           |     6 |       ||     6
       Whip              |    11 |    26 ||    37
 Cast: Magic Dart        |    49 |    17 ||    66
       Call Imp          |    16 |    12 ||    28
       Blink             |     1 |       ||     1
       Slow              |       |     1 ||     1
  Use: Scroll            |       |     4 ||     4
Armor: Robe              |    27 |     2 ||    29
Dodge: Dodged            |    95 |    42 ||   137

Vanquished Creatures
  2 adders
  2 dart slugs (D:1)
  6 bats (D:1)
  2 giant cockroaches (D:1)
  4 hobgoblins (D:1)
  3 kobolds (D:1)
  2 quokkas
  5 frilled lizards
  5 rats
31 creatures vanquished.

Vanquished Creatures (collateral kills)
  7 gnolls
  An adder (D:2)
  A worm (D:2)
  A dart slug (D:2)
  An orc (D:1)
  2 goblins (D:2)
  2 hobgoblins
  4 kobolds
  A frilled lizard (D:2)
20 creatures vanquished.

Grand Total: 51 creatures vanquished
